 Dungeon Crawl Stone Soup version 0.28.0-1-gb440e238dd (webtiles) character file.

Game seed: 8761732488348522261

1445 Kaptain the Sneak (level 8, -10/54 HPs)
             Began as an Octopode Hedge Wizard on Feb 22, 2022.
             Mangled by an ogre (18 damage)
             ... on level 7 of the Dungeon.
             The game lasted 00:31:11 (7930 turns).

Kaptain the Sneak (Octopode Hedge Wizard)           Turns: 7930, Time: 00:31:11

Health: -10/54     AC:  1    Str:  9    XL:     8   Next: 75%
Magic:  25/25      EV: 14    Int: 18    God:
Gold:   253        SH:  0    Dex: 12    Spells: 7/18 levels left

rFire   . . .      SeeInvis .   u - +2 hand axe (vorpal)
rCold   . . .      Faith    .   (no shield)
rNeg    . . .      Spirit   .   b - +0 hat
rPois   .          Reflect  .   i - amulet of magic regeneration
rElec   .          Harm     .   c - ring of magical power
rCorr   .          Rampage  .   (no ring)
Will    .....                   (no ring)
Stlth   ++++......              (no ring)
HPRegen 0.18/turn               (no ring)
MPRegen 0.59/turn               (no ring)
                                (no ring)
                                (no ring)

@: no status effects
A: almost no armour, amphibious, 8 rings, camouflage 1, gelatinous body 1,
(nimble swimmer 1), tentacles
a: no special abilities


You were on level 7 of the Dungeon.
You visited 1 branch of the dungeon, and saw 6 of its levels.
You also visited: Sewer.

You collected 253 gold pieces.

Inventory:

Hand Weapons
 a - a +0 short sword of venom
 d - a +0 hunting sling
 e - a +2 spear of pain
 l - a +3 short sword
 m - a +2 long sword of distortion
 u - a +2 vorpal hand axe (weapon)
Missiles
 j - 5 atropa-tipped darts (quivered)
 k - 168 stones
 o - 7 boomerangs
 r - 3 poisoned darts
 s - 31 sling bullets
Armour
 b - a +0 hat (worn)
Magical Staves
 g - a staff of cold
Jewellery
 c - a ring of magical power (left tentacle)
 i - an amulet of magic regeneration (around mantle)
Wands
 q - a wand of flame (10)
Scrolls
 p - 3 scrolls of fear
Potions
 f - a potion of cancellation
 h - a potion of curing
 n - a potion of berserk rage {unknown}
 t - a potion of heal wounds {unknown}
 v - a potion of might {unknown}


   Skills:
 * Level 4.8 Fighting
 + Level 3.9 Dodging
 + Level 5.8 Stealth
 * Level 5.5 Spellcasting
 * Level 5.0 Conjurations
 - Level 1.0 Summonings
 - Level 1.0 Translocations
 + Level 2.3 Transmutations


You had 7 spell levels left.
You knew the following spells:

 Your Spells              Type           Power      Damage    Failure   Level
a - Magic Dart            Conj           92%        1d7       1%          1
b - Blink                 Tloc           16%        N/A       13%         2
c - Mephitic Cloud        Conj/Pois/Air  11%        N/A       19%         3
d - Slow                  Hex            16%        N/A       13%         1
e - Conjure Flame         Conj/Fire      14%        6-21      13%         3
f - Beastly Appendage     Tmut           26%        N/A       4%          1

Your spell library contained the following spells:

 Spells                   Type           Power      Damage    Failure   Level
 Sting                    Tmut/Pois      36%        1d4       8%          1
 Call Imp                 Summ           8%         N/A       13%         2
 Corpse Rot               Necr/Air       8%         N/A       19%         2
 Ensorcelled Hibernation  Hex/Ice        8%         N/A       19%         2
 Poisonous Vapours        Pois/Air       8%         N/A       19%         2
 Spider Form              Tmut/Pois      9%         N/A       24%         3
 Gell's Gravitas          Tloc           8%         N/A       26%         3
 Teleport Other           Tloc           8%         N/A       26%         3
 Anguish                  Hex/Necr       2%         N/A       77%         4
 Dispel Undead            Necr           4%         3d7       77%         4
 Olgreb's Toxic Radiance  Pois           4%         N/A       77%         4
 Blade Hands              Tmut           6%         N/A       80%         5
 Death Channel            Necr           2%         N/A       100%        6
 Dispersal                Tloc           4%         N/A       100%        6
 Storm Form               Tmut/Air       4%         N/A       100%        7


Dungeon Overview and Level Annotations

Branches:
Dungeon (5/15)              Sewer (visited)
 Temple: D:4-7

Altars:
Dithmenos
Makhleb
Wu Jian


Innate Abilities, Weirdness & Mutations

You cannot wear most types of armour.
You are amphibious.
You can wear up to eight rings at the same time.
Your skin changes colour to match your surroundings (Stealth+).
Your rubbery body absorbs attacks. (AC +1, EV +1)
((You are camouflaged when in or above water. (Stealth+)))
You have tentacles for arms and can constrict up to eight enemies at once.


Message History

Unknown command.
Casting: Mephitic Cloud (dangerous; 19% risk of failure)
Confirm with . or Enter, or press ? or * to list all spells.
Aiming: Magic Dart (safe; 1% risk of failure)
Press: ? - help, Shift-Dir - straight line, f - ogre
Aim: an ogre, wielding a +0 giant spiked club (noxious fumes, 100% to hit)
The magic dart hits the ogre.
The ogre is moderately wounded.
The ogre is engulfed in noxious fumes.
The ogre appears confused.
The ogre barely misses you.
The ogre is engulfed in noxious fumes.
An orc comes into view. It is wielding a +0 club.
The ogre looks very confused.
You closely miss the orc. Your grab misses the orc.
The orc completely misses you.
Your magical contamination has completely faded away.
You hit the orc but do no damage. Your grab misses the orc.
You squeeze the orc.
The orc is moderately wounded.
The orc misses you.
You feel better. The orc barely misses you.
You closely miss the orc wizard. You grab the orc wizard. You hit the orc.
You constrict the orc wizard, but do no damage.
The orc closely misses you. The orc wizard misses you. The orc misses you.
Unknown command.
You hit the orc wizard. You squeeze the orc wizard.
The orc wizard is heavily wounded.
You hit the orc.
You kill the orc!
You catch the helpless ogre completely off-guard!
You hit the ogre.
You constrict the orc wizard, but do no damage.
The ogre seems less confused.
The orc wizard misses you.
The ogre hits you with a +0 giant spiked club!!
* * * LOW HITPOINT WARNING * * *
The orc wizard hits you with a +0 dagger.
* * * LOW HITPOINT WARNING * * *
You feel better.
You constrict the orc wizard.
The ogre hits you with a +0 giant spiked club!!
You die...

.. #.# o.#
#..# ..#
... #.# ..
... #.##
#.# #oo#
#.#
....##.#
#@## #.#
....##.####
#.O# #.#
..........#
##.# #.#
....##.##.#
#.# #.#
.....#.##.#
####.###.#
.....#.##.#
#........#
.....#'##.#
#.##..##.#
..........#
#.###.##.#
..........#
#.# #..#.#


You could see an ogre, an orc wizard and an orc.

Vanquished Creatures
  3 black bears
  An ogre (D:4)
  A gnoll sergeant (D:4)
  2 bullfrogs (Sewer)
  A scorpion (D:3)
  A water moccasin zombie (D:4)
  A howler monkey (D:4)
  A centaur skeleton (D:4)
  3 orc priests
  2 iguanas
  4 orc wizards
  23 gnolls
  6 adders
  A worm (D:4)
  A dart slug (D:3)
  40 orcs
  6 endoplasms
  9 giant cockroaches
  9 goblins
  6 hobgoblins
  16 jackals
  9 kobolds
  5 quokkas (Sewer)
  13 ball pythons
  6 bats
  9 frilled lizards
  6 rats
185 creatures vanquished.

Vanquished Creatures (others)
  4 plants
4 creatures vanquished.

Grand Total: 189 creatures vanquished

Notes
Turn   | Place    | Note
-------+----------+-------------------------------------------
     0 | D:1      | Kaptain the Octopode Hedge Wizard began the quest for the
                  | Orb.
     0 | D:1      | Reached XP level 1. HP: 11/11 MP: 4/4
   237 | D:1      | Reached XP level 2. HP: 18/18 MP: 6/6
   628 | D:1      | Reached skill level 1 in Fighting
   628 | D:1      | Reached XP level 3. HP: 23/23 MP: 7/7
   631 | D:1      | Learned a level 2 spell: Blink
   635 | D:1      | Learned a level 3 spell: Mephitic Cloud
  1476 | D:1      | Found a faded altar of an unknown god.
  2079 | D:2      | Found a burning altar of Makhleb.
  2378 | D:2      | Reached XP level 4. HP: 28/28 MP: 9/9
  2787 | D:3      | Found a shadowy altar of Dithmenos.
  2849 | D:3      | Found a glowing drain.
  2858 | Sewer    | Entered a sewer
  3208 | Sewer    | Noticed a bullfrog
  3210 | Sewer    | Noticed a bullfrog
  3214 | Sewer    | Got the Handbook of Viperous Changing
  3266 | Sewer    | Reached XP level 5. HP: 34/34 MP: 10/10
  3276 | Sewer    | Learned a level 1 spell: Slow
  3507 | Sewer    | Reached XP level 6. HP: 34/41 MP: 11/11
  4223 | D:3      | Found a faded altar of an unknown god.
  4227 | D:3      | Found an ornate altar of the Wu Jian Council.
  5124 | D:3      | Reached XP level 7. HP: 33/46 MP: 13/13
  5955 | D:4      | Reached skill level 1 in Transmutations
  6234 | D:3      | Learned a level 3 spell: Conjure Flame
  6258 | D:4      | Reached skill level 5 in Stealth
  6314 | D:4      | Reached XP level 8. HP: 25/54 MP: 15/15
  6689 | D:4      | Learned a level 1 spell: Beastly Appendage
  6896 | D:4      | Reached skill level 5 in Spellcasting
  7818 | D:5      | Entered Level 5 of the Dungeon
  7824 | D:5      | You fall into a shaft and drop 2 floors!
  7874 | D:7      | Reached skill level 5 in Conjurations
  7929 | D:7      | HP: 2/54 [orc wizard (1)]
  7930 | D:7      | Mangled by an ogre

Illustrated notes

Levels and vault maps discovered:
D:1:      psy_arrival_basics, layout_basic,
          shapermc_ecumenical_altar_mp_vishouse
D:2:      layout_basic, basic_altar
D:3:      corexii_shack_village, layout_basic, mainiacjoe_overflow_brackets,
          nicolae_overflow_ecumenical_swirl, portal_sewer_entry_d
D:4:      lemuel_castle_with_subvaults [lemuel_castle_interior_carwin_1],
          layout_cave_pools
D:5:      layout_basic, trog_butcher_becter, mainiacjoe_overflow_boulevard,
          grunt_temple_overflow_open, kennysheep_path_1, nrook_loot_triangle
D:7:      layout_basic, nicolae_sif_muna_little_library,
          minmay_temple_entry_stoned_glass, nicolae_take_the_stairs

Skill      XL: |  1  2  3  4  5  6  7  8 |
---------------+-------------------------+-----
Stealth        | 3 4 5 |  5.8
Fighting       | 1 2 3 4 |  4.8
Conjurations   | 2 3 4 5 |  5.0
Spellcasting   | 4 5 |  5.5
Dodging        | 3 |  3.9
Transmutations | 1 2 |  2.3
Summonings     | |  1.0
Translocations | |  1.0

Action                   |  1- 3 |  4- 6 |  7- 9 || total
-------------------------+-------+-------+-------++-------
Melee: Dagger            |     5 |       |       ||     5
       Tentacles         |     1 |     6 |    18 ||    25
       Spear             |     7 |       |       ||     7
       Constrict         |     1 |     8 |    13 ||    22
       Quarterstaff      |       |    24 |    19 ||    43
       Hand axe          |       |       |    10 ||    10
Throw: Dart              |     2 |       |       ||     2
 Cast: Magic Dart        |    94 |   172 |   330 ||   596
       Mephitic Cloud    |       |     3 |     5 ||     8
       Slow              |       |     1 |       ||     1
Evoke: Wand              |       |       |     1 ||     1
  Use: Scroll            |     3 |     4 |     1 ||     8
       Potion            |       |     1 |     4 ||     5
 Stab: Sleeping          |     1 |       |       ||     1
       Confused          |       |       |     1 ||     1
Armor: Skin              |     1 |     1 |     2 ||     4
Dodge: Dodged            |    11 |    50 |    77 ||   138
